UAA
DURHAM RAPIERS @ FT. POLK SOUTH THUNDER HAWKS
08/18/2017
 
TOP OF THE 1ST
Durham Rapiers batting - Pitching for Ft. Polk South Thunder Hawks : LHP Cristóbal Cardona
Pitching: LHP Cristóbal Cardona
Batting: RHB Kevin Sanderson 0-0: Ball
1-0: Ball
2-0: Ball
3-0: Base on Balls
Batting: RHB Caleb Lee 0-0: Foul Ball, location: 2F
0-1: Ball
1-1: Ball
2-1: Ball
Kevin Sanderson steals 2nd base
3-1: Called Strike
3-2: Strikes out looking
Batting: RHB Bart Lewis 0-0: DOUBLE (Flyball, 9LD)
Kevin Sanderson scores
Batting: LHB Pat McJannett 0-0: Called Strike
0-1: Called Strike
0-2: Fly out, F6 (Popup, 6MD)
Batting: SHB Vernon Thomas 0-0: SINGLE (Groundball, 6MD)
Bart Lewis to third
Runner from 3rd tries for Home, SAFE, no throw or cutoff
Batting: SHB Roger Wheeler 0-0: Ball
1-0: Ball
2-0: Called Strike
2-1: Ball
3-1: Foul Ball, location: 2F
3-2: Strikes out swinging
Top of the 1st over - 2 run(s), 2 hit(s), 0 error(s), 1 left on base; Durham 2 - Ft. Polk South 0
BOTTOM OF THE 1ST
Ft. Polk South Thunder Hawks batting - Pitching for Durham Rapiers : RHP Jim Unknown
Pitching: RHP Jim Unknown
Batting: LHB Guomez Nabeiro 0-0: Called Strike
0-1: Ball
1-1: Foul Ball, location: 2F
1-2: Foul Ball, location: 2F
1-2: Strikes out swinging
Batting: RHB Dave Farr 0-0: Called Strike
0-1: Foul Ball, location: 2F
0-2: Ball
1-2: Strikes out swinging
Batting: RHB Michael Collins 0-0: Called Strike
0-1: Ball
1-1: Ball
2-1: Ball
3-1: Base on Balls
Batting: RHB Jared Smith 0-0: Ball
1-0: DOUBLE (Flyball, 8LXD)
Michael Collins to third
Runner from 3rd tries for Home, SAFE, no throw or cutoff
Batting: SHB Josef Koper 0-0: Called Strike
0-1: Ball
1-1: Ground out 6-3 (Groundball, 6M)
Bottom of the 1st over - 1 run(s), 1 hit(s), 0 error(s), 1 left on base; Durham 2 - Ft. Polk South 1
TOP OF THE 2ND
Durham Rapiers batting - Pitching for Ft. Polk South Thunder Hawks : LHP Cristóbal Cardona
Batting: RHB Robby Thomas 0-0: Called Strike
0-1: Ball
1-1: Called Strike
1-2: Ball
2-2: Ball
3-2: Ground out 6-3 (Groundball, 6)
Batting: LHB Gonzalo Féliz 0-0: Ball
1-0: Ground out 4-3 (Groundball, 4)
Batting: RHB Julián Guzmán 0-0: Ball
1-0: Ball
2-0: Called Strike
2-1: Ball
3-1: Foul Ball, location: 2F
3-2: Foul Ball, location: 2F
3-2: Strikes out swinging
Top of the 2nd over - 0 run(s), 0 hit(s), 0 error(s), 0 left on base; Durham 2 - Ft. Polk South 1
BOTTOM OF THE 2ND
Ft. Polk South Thunder Hawks batting - Pitching for Durham Rapiers : RHP Jim Unknown
Batting: RHB Dave O'Day 0-0: Ball
1-0: Ball
2-0: Called Strike
2-1: Fly out, F9 (Flyball, 89S)
Batting: RHB Joe Murray 0-0: Ball
1-0: Ball
2-0: Called Strike
2-1: Foul Ball, location: 2F
2-2: Strikes out swinging
Batting: RHB Román Centena 0-0: Called Strike
0-1: Ground out 4-3 (Groundball, 34)
Bottom of the 2nd over - 0 run(s), 0 hit(s), 0 error(s), 0 left on base; Durham 2 - Ft. Polk South 1
TOP OF THE 3RD
Durham Rapiers batting - Pitching for Ft. Polk South Thunder Hawks : LHP Cristóbal Cardona
Batting: RHB Kevin Sanderson 0-0: Fly out, F7 (Line Drive, 7M)
Batting: RHB Caleb Lee 0-0: Ball
1-0: Ball
2-0: Ground out 4-3 (Groundball, 4M)
Batting: RHB Bart Lewis 0-0: Ball
1-0: Called Strike
1-1: Swinging Strike
1-2: Foul Ball, location: 2F
1-2: Ball
2-2: Strikes out swinging
Top of the 3rd over - 0 run(s), 0 hit(s), 0 error(s), 0 left on base; Durham 2 - Ft. Polk South 1
BOTTOM OF THE 3RD
Ft. Polk South Thunder Hawks batting - Pitching for Durham Rapiers : RHP Jim Unknown
Batting: RHB Steven Grant 0-0: Called Strike
0-1: Foul Ball, location: 2F
0-2: Strikes out swinging
Batting: LHB Guomez Nabeiro 0-0: Foul Ball, location: 2F
0-1: DOUBLE (Flyball, 9LM)
Batting: RHB Dave Farr 0-0: Called Strike
0-1: Ball
1-1: Ball
2-1: Foul Ball, location: 2F
2-2: Foul Ball, location: 2F
2-2: Ball
3-2: SINGLE (Line Drive, 4MD)
Guomez Nabeiro to third
Runner from 3rd tries for Home, SAFE, throw made home
Batting: RHB Michael Collins 0-0: Ball
1-0: Swinging Strike
1-1: Called Strike
1-2: Foul Ball, location: 2F
1-2: Ball
2-2: Strikes out swinging
Batting: RHB Jared Smith 0-0: Ball
1-0: Fielders Choice at 2nd, U4 (Groundball, 4M)
Bottom of the 3rd over - 1 run(s), 2 hit(s), 0 error(s), 1 left on base; Durham 2 - Ft. Polk South 2
TOP OF THE 4TH
Durham Rapiers batting - Pitching for Ft. Polk South Thunder Hawks : LHP Cristóbal Cardona
Batting: LHB Pat McJannett 0-0: Ball
1-0: Ball
2-0: Foul Ball, location: 2F
2-1: Ball
3-1: Base on Balls
Batting: SHB Vernon Thomas 0-0: SINGLE (Flyball, 78S)
Pat McJannett to second
Batting: SHB Roger Wheeler 0-0: Called Strike
0-1: Ball
1-1: Swinging Strike
1-2: Ball
2-2: Strikes out swinging
Batting: RHB Robby Thomas 0-0: Called Strike
0-1: Foul Ball, location: 2F
0-2: Ball
1-2: Ball
2-2: Grounds into double play, 6-4-3 (Groundball, 6)
Top of the 4th over - 0 run(s), 1 hit(s), 0 error(s), 1 left on base; Durham 2 - Ft. Polk South 2
BOTTOM OF THE 4TH
Ft. Polk South Thunder Hawks batting - Pitching for Durham Rapiers : RHP Jim Unknown
Batting: SHB Josef Koper 0-0: Swinging Strike
0-1: Swinging Strike
0-2: Strikes out swinging
Batting: RHB Dave O'Day 0-0: Called Strike
0-1: Swinging Strike
0-2: Ball
1-2: Strikes out looking
Batting: RHB Joe Murray 0-0: Called Strike
0-1: Ball
1-1: Fly out, F7 (Flyball, 7M)
Bottom of the 4th over - 0 run(s), 0 hit(s), 0 error(s), 0 left on base; Durham 2 - Ft. Polk South 2
TOP OF THE 5TH
Durham Rapiers batting - Pitching for Ft. Polk South Thunder Hawks : LHP Cristóbal Cardona
Batting: LHB Gonzalo Féliz 0-0: Called Strike
0-1: Ball
1-1: Ball
2-1: Ball
3-1: Foul Ball, location: 2F
3-2: Strikes out swinging
Batting: RHB Julián Guzmán 0-0: Ball
1-0: Ball
2-0: Ball
3-0: Called Strike
3-1: Ground out 6-3 (Groundball, 6M)
Batting: RHB Kevin Sanderson 0-0: Ball
1-0: Foul Ball, location: 2F
1-1: Swinging Strike
1-2: Foul Ball, location: 2F
1-2: Strikes out swinging, 2-3 out at first.
Top of the 5th over - 0 run(s), 0 hit(s), 0 error(s), 0 left on base; Durham 2 - Ft. Polk South 2
BOTTOM OF THE 5TH
Ft. Polk South Thunder Hawks batting - Pitching for Durham Rapiers : RHP Jim Unknown
Batting: RHB Román Centena 0-0: Fly out, F9 (Flyball, 89M)
Batting: RHB Steven Grant 0-0: Ball
1-0: Foul Ball, location: 2F
1-1: Ball
2-1: Foul Ball, location: 2F
2-2: Strikes out swinging
Batting: LHB Guomez Nabeiro 0-0: Ball
1-0: Ball
2-0: Swinging Strike
2-1: Foul Ball, location: 2F
2-2: Ground out 4-3 (Groundball, 4)
Bottom of the 5th over - 0 run(s), 0 hit(s), 0 error(s), 0 left on base; Durham 2 - Ft. Polk South 2
TOP OF THE 6TH
Durham Rapiers batting - Pitching for Ft. Polk South Thunder Hawks : LHP Cristóbal Cardona
Batting: RHB Caleb Lee 0-0: Foul Ball, location: 2F
0-1: SINGLE (Groundball, 56D)
Batting: RHB Bart Lewis 0-0: Foul Ball, location: 2F
0-1: Ball
1-1: Foul Ball, location: 2F
1-2: Foul Ball, location: 2F
1-2: Strikes out swinging
Batting: LHB Pat McJannett 0-0: Ball
1-0: Ball
Caleb Lee steals 2nd base
2-0: Intentional Walk
Batting: SHB Vernon Thomas 0-0: Ball
1-0: Swinging Strike
1-1: Ball
2-1: Called Strike
2-2: Fly out, F5 (Popup, 5S)
Batting: SHB Roger Wheeler 0-0: Swinging Strike
Passed Ball!
Caleb Lee to third
Pat McJannett to second
0-1: Ball
1-1: Ball
2-1: Ball
3-1: Base on Balls
Batting: RHB Robby Thomas 0-0: Called Strike
0-1: Ball
1-1: Foul Ball, location: 2F
1-2: Fly out, F6 (Popup, 6MD)
Top of the 6th over - 0 run(s), 1 hit(s), 0 error(s), 3 left on base; Durham 2 - Ft. Polk South 2
BOTTOM OF THE 6TH
Ft. Polk South Thunder Hawks batting - Pitching for Durham Rapiers : RHP Jim Unknown
Batting: RHB Dave Farr 0-0: Called Strike
0-1: Reached on error, E5 (Groundball, 5L)
Batting: RHB Michael Collins 0-0: Grounds into double play, 1-6-3 (Groundball, 25)
Batting: RHB Jared Smith 0-0: Swinging Strike
0-1: Ball
1-1: Ball
2-1: Ground out 5-3 (Groundball, 5)
Bottom of the 6th over - 0 run(s), 0 hit(s), 1 error(s), 0 left on base; Durham 2 - Ft. Polk South 2
TOP OF THE 7TH
Durham Rapiers batting - Pitching for Ft. Polk South Thunder Hawks : LHP Cristóbal Cardona
Pinch Hitting: RHB Dewitt Mercer 0-0: Swinging Strike
0-1: Ball
1-1: SINGLE (Line Drive, 8RS)
Pitching: RHP Dax Perry
Batting: RHB Julián Guzmán 0-0: Sac Bunt - play at first, batter OUT! 1-4
Dewitt Mercer to second
Pinch Hitting: LHB Scott Martin 0-0: Intentional Walk
Pinch Hitting: LHB Roberto Gallegos 0-0: Ball
1-0: Ground out 4-3 (Groundball, 4M)
Dewitt Mercer to third
Scott Martin to second
Batting: RHB Bart Lewis 0-0: Ball
1-0: Called Strike
1-1: Foul Ball, location: 2F
1-2: Foul Ball, location: 2F
1-2: Strikes out swinging
Top of the 7th over - 0 run(s), 1 hit(s), 0 error(s), 2 left on base; Durham 2 - Ft. Polk South 2
BOTTOM OF THE 7TH
Ft. Polk South Thunder Hawks batting - Pitching for Durham Rapiers : RHP Jim Unknown
Now at 1B: Roberto Gallegos
Now at 3B: Ramiro Delgado
Now in LF: Scott Martin
Batting: SHB Josef Koper 0-0: Ball
1-0: Called Strike
1-1: Ball
2-1: Ball
3-1: Swinging Strike
3-2: Foul Ball, location: 2F
3-2: SINGLE (Line Drive, 78S)
Batting: RHB Dave O'Day 0-0: Bunt missed!
0-1: Sac Bunt - play at first, batter OUT! 1-4
Josef Koper to second
Pinch Hitting: RHB Javier Díaz 0-0: Intentional Walk
Pinch Hitting: LHB José López 0-0: Called Strike
0-1: Called Strike
0-2: Ball
1-2: Ground out 5-3 (Groundball, 56)
Josef Koper to third
Javier Díaz to second
Pitching: RHP Morgan MacDonald
Batting: RHB Steven Grant 0-0: Foul Ball, location: 2F
0-1: Ball
1-1: Called Strike
1-2: Strikes out swinging
Bottom of the 7th over - 0 run(s), 1 hit(s), 0 error(s), 2 left on base; Durham 2 - Ft. Polk South 2
TOP OF THE 8TH
Durham Rapiers batting - Pitching for Ft. Polk South Thunder Hawks : RHP Dax Perry
Pitching: LHP Jason Hoskins
Now at 1B: Javier Díaz
Now in CF: José López
Pinch Hitting: RHB Steve Patrick 0-0: Ground out 1-3 (Groundball, 13)
Pitching: RHP Roberto Bernard
Batting: SHB Vernon Thomas 0-0: Ball
1-0: Ball
2-0: Foul Ball, location: 2F
2-1: Swinging Strike
2-2: Foul Ball, location: 2F
2-2: Strikes out swinging
Batting: SHB Roger Wheeler 0-0: Called Strike
0-1: Swinging Strike
0-2: Strikes out swinging
Top of the 8th over - 0 run(s), 0 hit(s), 0 error(s), 0 left on base; Durham 2 - Ft. Polk South 2
BOTTOM OF THE 8TH
Ft. Polk South Thunder Hawks batting - Pitching for Durham Rapiers : RHP Morgan MacDonald
Now in LF: Steve Patrick
Pinch Hitting: RHB Fernando Camacho 0-0: Called Strike
0-1: Swinging Strike
0-2: Strikes out swinging
Batting: RHB Dave Farr 0-0: Ball
1-0: SINGLE (Flyball, 78S)
Batting: RHB Michael Collins 0-0: Ball
1-0: Called Strike
1-1: Ball
2-1: Swinging Strike
2-2: SINGLE (Line Drive, 78S)
Dave Farr to second
Batting: RHB Jared Smith 0-0: Foul Ball, location: 2F
0-1: Ball
Wild Pitch!
Dave Farr to third
Michael Collins to second
1-1: Intentional Walk
Batting: SHB Josef Koper 0-0: Called Strike
0-1: Foul Ball, location: 2F
0-2: Ball
1-2: Strikes out swinging
Batting: RHB Dave O'Day 0-0: Ball
1-0: SINGLE (Line Drive, 56)
Dave Farr scores
Michael Collins to third
Jared Smith to second
Runner from 3rd tries for Home, SAFE, no throw or cutoff
Pitching: LHP Ron Anderson
Batting: RHB Javier Díaz 0-0: Ball
1-0: Called Strike
1-1: Called Strike
1-2: Strikes out swinging
Bottom of the 8th over - 2 run(s), 3 hit(s), 0 error(s), 2 left on base; Durham 2 - Ft. Polk South 4
TOP OF THE 9TH
Durham Rapiers batting - Pitching for Ft. Polk South Thunder Hawks : RHP Roberto Bernard
Pitching: LHP Dale Stevens
Now at 3B: Fernando Camacho
Batting: RHB Robby Thomas 0-0: Ball
1-0: Swinging Strike
1-1: Foul Ball, location: 2F
1-2: Strikes out swinging
Batting: RHB Ramiro Delgado 0-0: Ball
1-0: Fly out, F9 (Flyball, 9M)
Batting: RHB Julián Guzmán 0-0: Called Strike
0-1: Called Strike
0-2: Ball
1-2: Strikes out swinging
Top of the 9th over - 0 run(s), 0 hit(s), 0 error(s), 0 left on base; Durham 2 - Ft. Polk South 4
This league is powered by Out of the Park Baseball, the baseball management simulation game for PC, Mac and Linux
Saturday, February 27th, 2021 - OOTP Baseball 15.6 Build 34